 Dungeon Crawl Stone Soup version 0.30-a0-802-gb92711bcdf (webtiles) character file.

Game seed: 4715208097791150787

1472 Pimp the Shield-Bearer (level 8, -3/73 HPs)
             Began as a Minotaur Fighter on Feb 24, 2023.
             Was a Believer of Okawaru.
             Slain by a steam dragon (5 damage)
             ... on level 7 of the Dungeon.
             The game lasted 00:11:02 (3653 turns).

Pimp the Shield-Bearer (Minotaur Fighter)           Turns: 3653, Time: 00:11:02

Health: -3/73      AC: 10    Str: 24    XL:     8   Next: 49%
Magic:  7/7        EV:  8    Int:  5    God:    Okawaru [**....]
Gold:   172        SH:  5    Dex: 12    Spells: 7/7 levels left

rFire   . . .      SeeInvis .    e - +9 war axe "Toureat" {drain, rPois Dex+3}
rCold   . . .      Faith    .    c - +0 buckler
rNeg    . . .      Spirit   .    s - +0 chain mail
rPois   +          Reflect  .    (helmet restricted)
rElec   .          Harm     .    h - scarf {repulsion}
rCorr   .          Rampage  .    (no gloves)
Will    .....                    (no boots) Stlth
                                 (no amulet)
HPRegen 0.32/turn                (no ring)
MPRegen 0.10/turn                (no ring)

@: repel missiles
A: horns 2, retaliatory headbutt
a: Renounce Religion, Heroism


You were on level 7 of the Dungeon.
You worshipped Okawaru.
Okawaru was pleased with you.
You visited 1 branch of the dungeon, and saw 6 of its levels.

You collected 305 gold pieces.
You spent 133 gold pieces at shops.

Inventory:

Hand Weapons
 a - a +0 war axe
 e - the +9 war axe "Toureat" (weapon) {drain, rPois Dex+3}
   (You found it on level 5 of the Dungeon)

   Dex:       It affects your dexterity (+3).
   rPois:     It protects you from poison.
 q - a +0 hand axe of draining
Armour
 b - a +0 scale mail
 c - a +0 buckler (worn)
 h - a scarf of repulsion (worn)
 l - a +2 cloak
 p - a +0 cloak
 s - a +0 chain mail (worn)
Jewellery
 m - a +6 ring of intelligence
Wands
 v - a wand of iceblast (20)
Scrolls
 r - a scroll of brand weapon
 t - a scroll of magic mapping
 u - a scroll of identify
Potions
 d - 3 potions of might
 f - 3 potions of curing
 i - a potion of resistance
 j - a potion of invisibility
 k - a potion of brilliance
 n - 2 potions of heal wounds
 o - 3 potions of attraction {unknown}
 w - a potion of lignification {unknown}


   Skills:
 + Level 7.3 Fighting
 + Level 6.7 Axes
 + Level 7.3 Armour
 + Level 7.3 Shields


You had 7 spell levels left.
You didn't know any spells.
Your spell library contained the following spells:

 Spells                   Type           Power      Damage    Failure   Level
 Scorch                   Fire           0%         2d5       99%         2
 Static Discharge         Conj/Air       0%         2-2/arc   99%         2
 Vhi's Electric Charge    Tloc/Air       0%         N/A       100%        3
 Flame Wave               Conj/Fire      0%         2d4       100%        4
 Arcjolt                  Conj/Air       0%         1d10      100%        5
 Lightning Bolt           Conj/Air       0%         1d11      100%        5
 Summon Small Mammal      Summ           Unusable   N/A       N/A         1
 Call Canine Familiar     Summ           Unusable   N/A       N/A         3
 Summon Guardian Golem    Hex/Summ       Unusable   N/A       N/A         3
 Summon Cactus Giant      Summ           Unusable   N/A       N/A         6

Dungeon Overview and Level Annotations

Branches:
Dungeon (7/15)             Temple (0/1) D:5

Altars:
Cheibriados
Dithmenos
Okawaru
Ru
Vehumet
Yredelemnul

Shops:
D:6 *

Annotations:
D:4 exclusion: statue
D:5 2 runed translucent doors


Innate Abilities, Weirdness & Mutations

You have a pair of horns on your head.
You reflexively headbutt those who attack you in melee.


Message History

A steam dragon comes into view.
The steam dragon hisses angrily.
The steam dragon breathes steam at you. The ball of steam hits you!
You are engulfed in a cloud of scalding steam.
A jelly comes into view.
The white imp hits you but does no damage.
You barely miss the white imp.
The jelly quivers.
Your headbutt misses the white imp. You closely miss the steam dragon.
You are engulfed in a cloud of scalding steam.
You block the steam dragon's attack.
The steam dragon claws you but does no damage.
The white imp hits you. The white imp freezes you. The steam dragon bites you.
The steam dragon claws you but does no damage.
The white imp hits you but does no damage.
You slash the white imp! Your headbutt misses the white imp.
The white imp is almost dead.
You closely miss the steam dragon. The steam dragon bites you.
* * * LOW HITPOINT WARNING * * *
You block the steam dragon's attack.
The white imp hits you but does no damage.
As you read the scroll labelled ITERYG PIUSTO, it crumbles to dust.
The scroll dissolves into smoke.
It was a scroll of fog.
The steam dragon breathes steam at you. The ball of steam hits you!
* * * LOW HITPOINT WARNING * * *
The white imp barely misses you. The jelly attacks as you move away!
You block the jelly's attack. The white imp attacks as you move away!
The white imp barely misses you. You furiously retaliate!
You headbutt the white imp.
You kill the white imp!
Okawaru accepts your kill. The jelly attacks as you move away!
The jelly hits you.
* * * LOW HITPOINT WARNING * * *
You are splashed with acid!
* * * LOW HITPOINT WARNING * * *
The steam dragon attacks as you move away!
The steam dragon bites you.
You die...

.. ..... ## ##
...... .. #.
###!.... #. #.
##......
#.#§##§§#.)####
####.§§#§§§......#
.##....§§J@§§......#
.......§§D#§§..!...#
...#.#§§#####).#####
##...#..# #.)).#
.....#..###.##.#
#.........# .#
#..#......# .#
##.....###....#
##...#.## ##.....


You could see a steam dragon (catching breath) and a jelly.

Vanquished Creatures
  A water moccasin (D:7)
  A black bear (D:4)
  2 ogres (D:6)
  A centaur (D:7)
  A phantom (D:4)
  A necrophage (D:4)
  3 scorpions
  2 bullfrogs
  2 howler monkeys (D:7)
  An iron imp (D:6)
  Crazy Yiuf (D:5)
  2 hounds (D:5)
  3 orc priests
  3 iguanas
  5 orc wizards
  4 adders
  4 white imps
  A dart slug (D:4)
  8 orcs
  3 ball pythons
  3 endoplasms
  2 giant cockroaches (D:1)
  5 goblins
  5 hobgoblins
  2 quokkas
  4 bats (D:1)
  A frilled lizard (D:1)
  6 kobolds
  7 rats
84 creatures vanquished.

Notes
Turn   | Place    | Note
-------+----------+-------------------------------------------
     0 | D:1      | Pimp the Minotaur Fighter began the quest for the Orb.
     0 | D:1      | Reached XP level 1. HP: 19/19 MP: 0/0
   134 | D:1      | Reached XP level 2. HP: 27/27 MP: 1/1
   200 | D:1      | Found a faded altar of an unknown god.
   478 | D:1      | Reached XP level 3. HP: 30/33 MP: 2/2
   785 | D:2      | You fall into a shaft and drop 2 floors!
   889 | D:4      | Found a shadowy altar of Dithmenos.
   894 | D:4      | Reached XP level 4. HP: 38/40 MP: 3/3
   999 | D:4      | Noticed a phantom
  1004 | D:4      | Noticed a necrophage
  1014 | D:4      | Killed a phantom
  1015 | D:4      | Reached XP level 5. HP: 29/47 MP: 4/4
  1036 | D:4      | Reached skill level 5 in Shields
  1186 | D:4      | Reached skill level 5 in Fighting
  1186 | D:4      | Reached skill level 5 in Armour
  1186 | D:4      | Reached XP level 6. HP: 53/56 MP: 5/5
  1284 | D:4      | Found a radiant altar of Vehumet.
  1573 | D:5      | Entered Level 5 of the Dungeon
  1614 | D:5      | Found an iron altar of Okawaru.
  1614 | D:5      | Found a staircase to the Ecumenical Temple.
  1620 | D:5      | Became a worshipper of Warmaster Okawaru
  1683 | D:5      | Found a sacrificial altar of Ru.
  1729 | D:5      | Found a runed translucent door.
  1731 | D:5      | Found a runed translucent door.
  1731 | D:5      | Noticed a vampire mosquito
  1885 | D:5      | Identified the +9 war axe "Toureat" {drain, rPois Dex+3}
  2218 | D:5      | Reached skill level 5 in Axes
  2316 | D:5      | Reached XP level 7. HP: 59/62 MP: 6/6
  2479 | D:5      | Found a runed translucent door.
  2480 | D:5      | Noticed Crazy Yiuf
  2485 | D:5      | Killed Crazy Yiuf
  2656 | D:6      | Found Itri Ora's General Store.
  2664 | D:6      | Bought a scroll of brand weapon for 133 gold pieces
  2730 | D:6      | Reached * piety under Okawaru
  3030 | D:6      | Found a basalt altar of Yredelemnul.
  3235 | D:6      | Found a snail-covered altar of Cheibriados.
  3409 | D:7      | Reached XP level 8. HP: 71/71 MP: 7/7
  3425 | D:7      | Reached ** piety under Okawaru
  3653 | D:7      | HP: 2/73 [acid (8)]
  3653 | D:7      | Slain by a steam dragon

Illustrated notes

Levels and vault maps discovered:
D:1:      dpeg_arrival_shelter, layout_basic, chequers_ecumenical_altar_island,
          minmay_split_cup_small
D:2:      layout_loops_ring, chequers_serial_rivers_micro_a
D:4:      layout_cave_pools, mainiacjoe_overflow_chevrons, vehumet_statue,
          hangedman_glass_teeth
D:5:      lemuel_insect_pit, layout_loops_ring, okawaru_metal_pillars_1_2,
          mainiacjoe_overflow_six_doors_small, minmay_temple_entry_mist,
          kennysheep_nub, uniq_crazy_yiuf_cottage
D:6:      layout_basic, mainiacjoe_overflow_brackets, slow_altar_1,
          serial_shops, nicolae_stop_n_shop_1
D:7:      layout_rooms, nicolae_shop_clearance

Skill      XL: |  1  2  3  4  5  6  7  8 |
---------------+-------------------------+-----
Fighting       | 4 5 6 7 |  7.3
Armour         | 4 5 6 7 |  7.3
Shields        | 4 5 6 7 |  7.3
Axes           | 3 4 5 6 |  6.7

Action                     |  1- 3 |  4- 6 |  7- 9 || total
---------------------------+-------+-------+-------++-------
  Melee: War axe           |    93 |    57 |    47 ||   197
         Headbutt          |     6 |     9 |     7 ||    22
    Use: Potion            |       |     2 |     1 ||     3
         Scroll            |       |     9 |     1 ||    10
 Armour: Scale mail        |    58 |    32 |       ||    90
         Chain mail        |       |    10 |    24 ||    34
  Dodge: Dodged            |    59 |    19 |    17 ||    95
  Block: Buckler           |    34 |    13 |    13 ||    60

Table legend: (Time is in decaauts)
 A = Elapsed time spent in this place.
 B = Non-inter-level travel time spent in this place.
 C = Inter-level travel time spent in this place.
 D = Time resting spent in this place.
 E = Time spent auto-exploring this place.
 F = Levels seen in this place.
 G = Mean time per level.
                   A        B        C        D        E       F      G
               +--------+--------+--------+--------+--------+-----+--------+
         Total |   3731 |   3512 |    219 |    429 |   2277 |   6 |  621.8 |
       Dungeon |   3731 |   3512 |    219 |    429 |   2277 |   6 |  621.8 |
               +--------+--------+--------+--------+--------+-----+--------+

Top non-repeatable levels by time:
     D:5: 1097 daAuts
     D:4: 807 daAuts
     D:6: 755 daAuts
     D:1: 562 daAuts
     D:2: 257 daAuts
     D:7: 252 daAuts
